 Dungeon Crawl Stone Soup version 0.19.0-20-gbc5f0c6 (webtiles) character file.

226 Minion the Chopper (level 5, -2/42 HPs)
             Began as a Mummy Berserker on Nov 18, 2016.
             Was a Believer of Trog.
             Slain by an ogre
             ... wielding a +0 giant club
              (23 damage)
             ... on level 4 of the Dungeon.
             The game lasted 00:07:04 (2366 turns).

Minion the Chopper (Mummy Berserker)                Turns: 2366, Time: 00:07:05

Health: -2/42      AC:  9    Str: 21    XL:     5   Next: 69%
Magic:  5/5        EV:  8    Int:  6    God:    Trog [**....]
Gold:   165        SH:  0    Dex: 12    Spells: 0 memorised, 4 levels left

rFire  x . .     SeeInvis +     a - +1 hand axe
rCold  + . .     Gourm    .     g - +1 chain mail (curse)
rNeg   + + +     Faith    .     (no shield)
rPois  ∞         Spirit   .     (no helmet)
rElec  .         Reflect  .     (no cloak)
rCorr  .         Harm     .     (no gloves)
MR     ++...                    (no boots)
Stlth  ..........               (no amulet)
                                (no ring)
                                f - ring of see invisible

@: regenerating
A: no food or potions, fire vulnerability, cold resistance 1, negative energy
resistance 3, torment resistance, unbreathing
a: Trog's Hand, Burn Spellbooks, Renounce Religion


You were on level 4 of the Dungeon.
You worshipped Trog.
Trog was pleased with you.
You were not hungry.

You visited 1 branch of the dungeon, and saw 4 of its levels.

You collected 165 gold pieces.

Inventory:

Hand Weapons
 a - a +1 hand axe (weapon)
Armour
 g - a cursed +1 chain mail (worn)
 n - a +2 leather armour of cold resistance
Jewellery
 f - a ring of see invisible (left hand)
 i - an uncursed amulet of magic regeneration
Wands
 k - a wand of enslavement (19/24)
Scrolls
 b - a scroll of amnesia
 c - a scroll of recharging
 d - 2 scrolls of random uselessness {unknown}
 h - 2 scrolls of identify
Books
 e - a book of Cantrips

   Spells                             Type                      Level
   a - Confusing Touch                Hexes                        1
   b - Animate Skeleton               Necromancy                   1
   c - Summon Small Mammal            Summoning                    1
   d - Apportation                    Translocation                1
   Trog disapproves of the use of such an item.


   Skills:
 + Level 3.9 Fighting
 * Level 4.1 Axes
 - Level 2.1 Armour
 + Level 2.5 Dodging


You had 4 spell levels left.
You didn't know any spells.

Dungeon Overview and Level Annotations

Branches:
Dungeon (4/15)
 Temple: D:4-7

Altars:
Dithmenos
Gozag
Qazlal
Vehumet
The Shining One


Innate Abilities, Weirdness & Mutations

You do not eat or drink.
Your flesh is vulnerable to fire.
You are immune to poison.
Your flesh is cold resistant. (rC+)
You are immune to negative energy. (rN+++)
You are immune to unholy pain and torment.
You can survive without breathing.


Message History

The orc wizard gestures at you while chanting.
The magic dart hits you!
You hit the orc wizard.
The orc wizard is almost dead.
The orc wizard closely misses you.
The orc wizard hits you but does no damage.
You hit the orc wizard.
The orc wizard is almost dead.
The orc wizard gestures wildly while chanting.
Your chain mail prevents you from hitting the orc wizard.
The orc wizard is almost dead.
You hit the ogre.
The orc wizard hits you but does no damage.
The ogre hits you with a giant club! The orc wizard hits you with a dagger.
Your skin crawls.
You feel resistant to hostile enchantments.
The orc wizard hits you but does no damage.
The ogre hits you with a giant club!!
Ouch! That really hurt!
You die...

#.# #.# ### ### #.#
#.. ..# #.# ### #.#
#.# #.###.#
#.######.# #.##...
#......#.###.#....
###[.# #.....<......
#.)@)# #.#.#.....#.#
#.#Oo###.#.##...####
# #......#.###.##
#........# #.#
#.#####.## #.# #.#
#.# #+# ... #.# ##.#
#.# .. .#


You could see an ogre and an orc wizard.

Vanquished Creatures
  A bullfrog skeleton (D:4)
  An orc priest (D:4)
  An orc wizard (D:4)
  3 gnolls (D:2)
  4 adders
  2 worms
  A dart slug (D:2)
  3 leopard geckos
  7 orcs
  4 giant cockroaches
  7 goblins
  5 hobgoblins
  A ball python (D:1)
  7 bats
  4 frilled lizards
  12 kobolds
  4 rats
67 creatures vanquished.

Notes
Turn   | Place    | Note
-------+----------+-------------------------------------------
     0 | D:1      | Minion the Mummy Berserker began the quest for the Orb.
     0 | D:1      | Reached XP level 1. HP: 18/18 MP: 1/1
   334 | D:1      | Reached XP level 2. HP: 24/24 MP: 2/2
   771 | D:2      | Reached ** piety under Trog
   771 | D:2      | Reached XP level 3. HP: 29/29 MP: 3/3
   820 | D:2      | Reached skill level 3 in Axes
  1079 | D:2      | Reached XP level 4. HP: 29/35 MP: 4/4
  1385 | D:2      | Found a glowing golden altar of the Shining One.
  2058 | D:3      | Found a shadowy altar of Dithmenos.
  2064 | D:3      | Found a radiant altar of Vehumet.
  2095 | D:3      | Found an opulent altar of Gozag.
  2216 | D:3      | Found a faded altar of an unknown god.
  2216 | D:3      | Found a faded altar of an unknown god.
  2221 | D:3      | Found a faded altar of an unknown god.
  2223 | D:3      | Found a stormy altar of Qazlal.
  2225 | D:3      | Found a faded altar of an unknown god.
  2295 | D:4      | Reached XP level 5. HP: 38/42 MP: 5/5
  2343 | D:4      | Reached skill level 4 in Axes
  2360 | D:4      | Noticed an ogre
  2366 | D:4      | Slain by an ogre

Skill      XL: |  1  2  3  4  5 |
---------------+----------------+-----
Armour         | 2 |  2.1
Axes           | 3 4 |  4.1
Dodging        | 2 |  2.5
Fighting       | |  3.9

Action                   |  1- 3 |  4- 6 || total
-------------------------+-------+-------++-------
Melee: Hand axe          |   122 |   164 ||   286
Invok: Trog's Hand       |       |     3 ||     3
  Use: Scroll            |       |     8 ||     8
Armor: Chain mail        |    67 |    96 ||   163
       Animal skin       |     3 |       ||     3
Dodge: Dodged            |    71 |    82 ||   153
